 Dungeon Crawl Stone Soup version 0.30-a0-339-g89bb51ec76 (webtiles) character file.

Game seed: 7273293195732749112

361 bande the Covered (level 6, 0/39 HPs)
             Began as a Gargoyle Fighter on Nov 1, 2022.
             Slain by Pikel
             ... wielding a +2 whip of flaming
              (2 damage)
             ... on level 4 of the Dungeon.
             The game lasted 00:04:16 (3312 turns).

bande the Covered (Gargoyle Fighter)                Turns: 3312, Time: 00:04:17

Health: 0/39       AC: 14    Str: 20    XL:     6   Next: 66%
Magic:  6/6        EV:  7    Int:  8    God:
Gold:   210        SH:  9    Dex: 11    Spells: 5/5 levels left

rFire   . . .      SeeInvis .    a - +0 war axe
rCold   . . .      Faith    .    c - +0 buckler
rNeg    + . .      Spirit   .    v - +0 chain mail
rPois   ∞          Reflect  +    (no helmet)
rElec   +          Harm     .    (no cloak)
rCorr   .          Rampage  .    (no gloves)
Will    .....                    (no boots)
Stlth   ..........               g - amulet of reflection
HPRegen 0.26/turn                (no ring)
MPRegen 0.10/turn                (no ring)

@: mighty
A: sickness immunity, AC +4, negative energy resistance 1, electricity
resistance, torment resistance 1, petrification resistance
a: no special abilities


You were on level 4 of the Dungeon.
You visited 1 branch of the dungeon, and saw 4 of its levels.

You collected 210 gold pieces.

Inventory:

Hand Weapons
 a - a +0 war axe (weapon)
Armour
 c - a +0 buckler (worn)
 v - a +0 chain mail (worn)
Jewellery
 g - an amulet of reflection (around neck)
 k - a ring of resist corrosion
 n - an amulet of regeneration
 p - a ring of wizardry
Wands
 u - a wand of paralysis (9)
Scrolls
 e - 3 scrolls of amnesia {unknown}
 h - a scroll of magic mapping {unknown}
 i - 2 scrolls of identify {unknown}
 j - a scroll of immolation {unknown}
 s - a scroll of acquirement {unknown}
 t - a scroll of teleportation {unknown}
Potions
 d - a potion of might
 f - 4 potions of attraction {unknown}
 l - a potion of berserk rage {unknown}
 m - a potion of cancellation {unknown}
 o - a potion of haste {unknown}
 q - a potion of curing {unknown}
 r - a potion of ambrosia {unknown}


   Skills:
 + Level 4.4 Fighting
 + Level 4.4 Axes
 + Level 4.6 Armour
 + Level 4.2 Shields
 * Level 0.5 Evocations


You had 5 spell levels left.
You didn't know any spells.
Your spell library contained the following spells:

 Spells                   Type           Power      Damage    Failure   Level
 Freeze                   Ice            0%         1d3       99%         1
 Kiss of Death            Conj/Necr      0%         2d5       99%         1
 Confusing Touch          Hex            0%         N/A       100%        3
 Frozen Ramparts          Ice            0%         1d1       100%        3
 Hailstorm                Conj/Ice       0%         3d3       100%        3
 Ozocubu's Armour         Ice            0%         N/A       100%        3
 Dispel Undead            Necr           0%         3d6       100%        4
 Manifold Assault         Tloc           0%         N/A       100%        4
 Dispersal                Tloc           0%         N/A       100%        6
 Ozocubu's Refrigeration  Ice            0%         4d7       100%        7
 Disjunction              Tloc           0%         N/A       100%        8


Dungeon Overview and Level Annotations

Branches:
Dungeon (4/15)
 Temple: D:4-7

Altars:
Ashenzari
Fedhas
Sif Muna

Annotations:
D:4 Pikel


Innate Abilities, Weirdness & Mutations

You are immune to sickness and miasma.
Your stone body is resilient. (AC +4)
You are immune to poison.
You resist negative energy. (rN+)
You are resistant to electric shocks. (rElec)
You are resistant to unholy torment.
You are immune to petrification.


Message History

Pikel is moderately wounded.
Pikel hits you with a +2 whip of flaming.
Pikel burns you.
You closely miss Pikel.
Pikel is moderately wounded.
Pikel hits you but does no damage. x2
You hit Pikel but do no damage.
Pikel is moderately wounded.
You block Pikel's attack.
You completely miss Pikel.
Pikel is moderately wounded.
You block Pikel's attack.
You hit Pikel but do no damage.
Pikel is moderately wounded.
Pikel barely misses you. Pikel closely misses you.
You barely miss Pikel.
Pikel is moderately wounded.
Pikel hits you with a +2 whip of flaming!
Pikel burns you.
You closely miss Pikel.
Pikel is moderately wounded.
Pikel hits you but does no damage.
You closely miss Pikel.
Pikel is moderately wounded.
Pikel hits you but does no damage.
Pikel says, "I'm sure they'll be treated well, anyway."
Pikel hits you with a +2 whip of flaming!
Pikel burns you.
* * * LOW HITPOINT WARNING * * *
You feel very mighty all of a sudden. Pikel barely misses you.
You hit Pikel.
Pikel is moderately wounded.
You block Pikel's attack.
You slash Pikel!
Pikel is severely wounded.
Pikel hits you with a +2 whip of flaming!
* * * LOW HITPOINT WARNING * * *
Pikel burns you.
You die...

#..>#.#....#.##.#
..#.#.######.##.#
..#.#......#....#
..#.######.######
..#.# #.# ..#.#
#.# ..#.#
#.####### #.#.#
#.......# #.#
#######@# #.# #K#
#.# #5# #.## #5#
#..# #5# ##.# h5#
##.# ### ...#
####


You could see Pikel, 4 lemures and a jackal.

Vanquished Creatures
  An ice beast (D:4)
  A bullfrog (D:4)
  A scorpion (D:4)
  Jessica (D:3)
  An iguana (D:4)
  3 adders (D:2)
  A shadow imp (D:3)
  3 worms (D:2)
  A dart slug (D:4)
  6 orcs
  7 ball pythons
  6 endoplasms
  A giant cockroach (D:4)
  3 goblins
  6 hobgoblins
  2 kobolds
  4 quokkas
  A bat (D:2)
  4 frilled lizards
  4 rats
57 creatures vanquished.

Notes
Turn   | Place    | Note
-------+----------+-------------------------------------------
     0 | D:1      | bande the Gargoyle Fighter began the quest for the Orb.
     0 | D:1      | Reached XP level 1. HP: 14/14 MP: 1/1
   219 | D:1      | Reached XP level 2. HP: 19/19 MP: 2/2
  1173 | D:2      | Reached XP level 3. HP: 24/24 MP: 3/3
  1436 | D:2      | Found a faded altar of an unknown god.
  1489 | D:2      | You fall into a shaft and drop 2 floors!
  1524 | D:3      | Noticed Jessica
  1531 | D:3      | Killed Jessica
  1532 | D:3      | Reached XP level 4. HP: 21/29 MP: 4/4
  2033 | D:3      | Reached XP level 5. HP: 28/33 MP: 5/5
  2193 | D:3      | Found a blossoming altar of Fedhas.
  2337 | D:3      | Found a shimmering blue altar of Sif Muna.
  2614 | D:4      | Found a broken altar of Ashenzari.
  2748 | D:4      | Noticed an ice beast
  2761 | D:4      | Killed an ice beast
  2762 | D:4      | Reached XP level 6. HP: 29/38 MP: 6/6
  3283 | D:4      | Noticed Pikel
  3312 | D:4      | Slain by Pikel

Illustrated notes

Levels and vault maps discovered:
D:1:      scummos_arrival_simple_crosswalls, layout_basic
D:2:      cheibrodos_old_hovel, layout_rooms, shapermc_ecumenical_altar_petra
D:3:      layout_loops_ring, fedhas_ov_isle_minmay,
          nicolae_sif_muna_little_library, uniq_jessica
D:4:      layout_basic, ashenzari_conservatory_becter, dk_noncrumbling_4,
          uniq_pikel

Skill      XL: |  1  2  3  4  5 |
---------------+----------------+-----
Axes           | 2 3 4 |  4.4
Armour         | 4 |  4.6
Fighting       | 4 |  4.4
Shields        | 4 |  4.2
Evocations     | |  0.5

Action                   |  1- 3 |  4- 6 || total
-------------------------+-------+-------++-------
Melee: War axe           |    75 |   133 ||   208
  Use: Potion            |       |     1 ||     1
Armor: Scale mail        |    40 |    22 ||    62
       Chain mail        |       |    28 ||    28
Dodge: Dodged            |    34 |    43 ||    77
Block: Buckler           |    39 |    59 ||    98
       Reflection        |       |     1 ||     1

Table legend: (Time is in decaauts)
 A = Elapsed time spent in this place.
 B = Non-inter-level travel time spent in this place.
 C = Inter-level travel time spent in this place.
 D = Time resting spent in this place.
 E = Time spent auto-exploring this place.
 F = Levels seen in this place.
 G = Mean time per level.
                   A        B        C        D        E       F      G
               +--------+--------+--------+--------+--------+-----+--------+
         Total |   3393 |   3340 |     53 |    253 |   2435 |   4 |  848.2 |
       Dungeon |   3393 |   3340 |     53 |    253 |   2435 |   4 |  848.2 |
               +--------+--------+--------+--------+--------+-----+--------+

Top non-repeatable levels by time:
     D:1: 1054 daAuts
     D:4: 941 daAuts
     D:3: 778 daAuts
     D:2: 618 daAuts
